 Dungeon Crawl Stone Soup version 0.29-a0-338-g1ff7896281 (webtiles) character file.

Game seed: 12339990346173737106

259 KateM the Chopper (level 5, -4/48 HPs)
             Began as a Minotaur Fighter on Apr 19, 2022.
             Slain by a gnoll
             ... wielding a +0 halberd
              (13 damage)
             ... on level 3 of the Dungeon.
             The game lasted 00:02:37 (2472 turns).

KateM the Chopper (Minotaur Fighter)                Turns: 2472, Time: 00:02:37

Health: -4/48      AC:  8    Str: 22    XL:     5   Next: 94%
Magic:  4/4        EV:  9    Int:  5    God:
Gold:   48         SH:  4    Dex: 10    Spells: 4/4 levels left

rFire   . . .      SeeInvis .   a - +0 war axe
rCold   . . .      Faith    .   c - +0 buckler
rNeg    . . .      Spirit   .   b - +0 scale mail
rPois   .          Reflect  .   (helmet restricted)
rElec   .          Harm     .   r - scarf {shadows}
rCorr   .          Rampage  .   s - +0 pair of gloves
Will    .....                   (no boots)
Stlth   ..........              i - amulet of regeneration
HPRegen 0.96/turn               (no ring)
MPRegen 0.09/turn               (no ring)

@: no status effects
A: horns 2, retaliatory headbutt
a: no special abilities


You were on level 3 of the Dungeon.
You visited 1 branch of the dungeon, and saw 3 of its levels.

You collected 48 gold pieces.

Inventory:

Hand Weapons
 a - a +0 war axe (weapon)
Missiles
 e - 2 throwing nets (quivered)
Armour
 b - a +0 scale mail (worn)
 c - a +0 buckler (worn)
 r - a scarf of shadows (worn)
 s - a +0 pair of gloves (worn)
Jewellery
 i - an amulet of regeneration (around neck)
 o - a ring of ice
Scrolls
 g - 2 scrolls of torment {unknown}
 h - 3 scrolls of identify {unknown}
 k - 2 scrolls of amnesia {unknown}
 l - 4 scrolls of fear {unknown}
 n - a scroll of holy word {unknown}
 q - a scroll of noise {unknown}
Potions
 d - a potion of might
 f - 2 potions of magic {unknown}
 j - a potion of mutation {unknown}
 m - a potion of curing {unknown}
 p - a potion of brilliance {unknown}


   Skills:
 + Level 5.0 Fighting
 * Level 5.6 Axes
 + Level 5.0 Armour
 - Level 3.6 Shields


You had 4 spell levels left.
You didn't know any spells.
Your spell library contained the following spells:

 Spells                   Type           Power      Damage    Failure   Level
 Apportation              Tloc           0%         N/A       87%         1
 Summon Guardian Golem    Hex/Summ       0%         N/A       99%         3
 Animate Dead             Necr           0%         N/A       100%        4
 Haunt                    Necr/Summ      0%         N/A       100%        7
 Orb of Destruction       Conj           0%         9d5       100%        7
 Spellforged Servitor     Conj/Summ      0%         N/A       100%        7
 Infestation              Necr           0%         N/A       100%        8


Dungeon Overview and Level Annotations

Branches:
Dungeon (3/15)

Altars:
Hepliaklqana
Nemelex Xobeh
Trog


Innate Abilities, Weirdness & Mutations

You have a pair of horns on your head.
You reflexively headbutt those who attack you in melee.


Message History

The hobgoblin closely misses you.
A hobgoblin is nearby!
You barely miss the hobgoblin. The hobgoblin closely misses you.
You furiously retaliate!
You headbutt the hobgoblin!
You kill the hobgoblin!
A gnoll comes into view. It is wielding a +0 spear.
The gnoll shouts!
You hear a shout!
A gnoll comes into view. It is wielding a +0 halberd.
The gnoll throws a throwing net.
The throwing net closely misses you.
You hear an angry hiss.
The gnoll shouts!
Things that are here:
a throwing net; a hobgoblin corpse A gnoll, a giant cockroach and a ball python come into view.
The gnoll shouts!
The ball python hisses angrily.
The gnoll closely misses you.
The gnoll hits you from afar with a +0 halberd.
You slash the gnoll! You headbutt the gnoll.
You kill the gnoll!
The gnoll hits you from afar with a +0 halberd!
The giant cockroach barely misses you.
You slash the giant cockroach!
You kill the giant cockroach!
The gnoll completely misses you. The ball python closely misses you.
You furiously retaliate!
You headbutt the ball python!
You kill the ball python!
The gnoll hits you but does no damage. The gnoll hits you with a +0 halberd!
Things that are here:
a +0 spear; a ball python corpse; a gnoll corpse You are too injured to fight recklessly!
Unknown command.
You are too injured to fight recklessly!
You are too injured to fight recklessly!
You closely miss the gnoll. You slash the gnoll!
The gnoll hits you with a +0 halberd! You block the gnoll's attack.
The gnoll hits you with a +0 club. The gnoll hits you with a +0 halberd!
* * * LOW HITPOINT WARNING * * *
You slash the gnoll!
The gnoll is almost dead.
You hit the gnoll. The gnoll hits you with a +0 halberd!
You die...

..# #.# #.# #.# ###### ###### #.#
#....# ...... .... .[# #....#
...... ..... #.### #....# ......
..... ## ....#####....####g.....
.....##. ...>'...)..(....@g.....
......#. ....#####....####......
.....#. .##.# ###### ###### #...
###.# #.. # #.######### #.. #
#.#.......######## #########. #
#.#.......#......# #......##.
###.#.......#......#####......###
....'.......'......).......(.....


You could see 2 gnolls.

Vanquished Creatures
  A centaur (D:3)
  An orc priest (D:3)
  4 gnolls
  4 adders
  A worm (D:2)
  2 orcs (D:3)
  5 endoplasms
  A giant cockroach (D:3)
  12 goblins
  6 hobgoblins
  4 jackals
  3 quokkas
  9 ball pythons
  5 bats
  4 frilled lizards (D:1)
  8 kobolds
  6 rats
76 creatures vanquished.

Notes
Turn   | Place    | Note
-------+----------+-------------------------------------------
     0 | D:1      | KateM the Minotaur Fighter began the quest for the Orb.
     0 | D:1      | Reached XP level 1. HP: 19/19 MP: 0/0
   216 | D:1      | Reached XP level 2. HP: 23/27 MP: 1/1
   749 | D:1      | Reached XP level 3. HP: 33/33 MP: 2/2
  1281 | D:2      | Reached XP level 4. HP: 28/40 MP: 3/3
  1587 | D:2      | Found a hazy altar of Hepliaklqana.
  2204 | D:3      | Noticed a centaur
  2218 | D:3      | Killed a centaur
  2219 | D:3      | Reached skill level 5 in Axes
  2219 | D:3      | Reached XP level 5. HP: 39/47 MP: 4/4
  2242 | D:3      | Found a faded altar of an unknown god.
  2242 | D:3      | Found a hazy altar of Hepliaklqana.
  2249 | D:3      | Found a faded altar of an unknown god.
  2251 | D:3      | Found a bloodstained altar of Trog.
  2253 | D:3      | Found a sparkling altar of Nemelex Xobeh.
  2301 | D:3      | Reached skill level 5 in Fighting
  2301 | D:3      | Reached skill level 5 in Armour
  2339 | D:3      | Found a faded altar of an unknown god.
  2344 | D:3      | Got Plato's Papyrus of the Compass
  2472 | D:3      | Slain by a gnoll

Illustrated notes

Levels and vault maps discovered:
D:1:      dpeg_arrival_lava_temple_mockup, layout_loops_corners,
          minmay_misc_feat_ornament
D:2:      layout_basic, basic_altar, due_unseen_surprise
D:3:      layout_basic, chequers_temple_overflow_minitemple,
          lightli_sewer_entry_pipes, shapermc_ecumenical_altar_rom_forum

Skill      XL: |  1  2  3  4  5 |
---------------+----------------+-----
Axes           | 3 4 5 |  5.6
Fighting       | 4 5 |  5.0
Armour         | 4 5 |  5.0
Shields        | |  3.6

Action                   |  1- 3 |  4- 6 || total
-------------------------+-------+-------++-------
Melee: War axe           |    90 |    96 ||   186
       Headbutt          |    11 |    10 ||    21
Armor: Scale mail        |    41 |    54 ||    95
Dodge: Dodged            |    34 |    57 ||    91
Block: Buckler           |    27 |    20 ||    47

Table legend: (Time is in decaauts)
 A = Elapsed time spent in this place.
 B = Non-inter-level travel time spent in this place.
 C = Inter-level travel time spent in this place.
 D = Time resting spent in this place.
 E = Time spent auto-exploring this place.
 F = Levels seen in this place.
 G = Mean time per level.
                   A        B        C        D        E       F      G
               +--------+--------+--------+--------+--------+-----+--------+
         Total |   2533 |   2533 |      0 |      0 |   2015 |   3 |  844.3 |
       Dungeon |   2533 |   2533 |      0 |      0 |   2015 |   3 |  844.3 |
               +--------+--------+--------+--------+--------+-----+--------+

Top non-repeatable levels by time:
     D:1: 1246 daAuts
     D:2: 934 daAuts
     D:3: 352 daAuts
